 Dungeon Crawl Stone Soup version 0.20.0-6-gd3061e9 (webtiles) character file.

1276 NoNouf the Basher (level 8, -11/41 HPs)
             Began as a Gargoyle Fighter on May 27, 2017.
             Mangled by an orc warrior
             ... wielding a +0 battleaxe
              (14 damage)
             ... on level 8 of the Dungeon on May 28, 2017.
             The game lasted 00:40:50 (5095 turns).

NoNouf the Basher (Gargoyle Fighter)                Turns: 5095, Time: 00:40:51

Health: -11/41     AC: 21    Str: 21    XL:     8   Next: 54%
Magic:  8/8        EV: 10    Int: 11    God:
Gold:   355        SH: 10    Dex: 16    Spells: 7/7 levels left

rFire    . . .     SeeInvis .   a - +2 flail
rCold    + . .     Gourm    .   c - +0 shield
rNeg     + . .     Faith    .   e - +0 plate armour
rPois    ∞         Spirit   .   (no helmet)
rElec    +         Reflect  .   (no cloak)
rCorr    .         Harm     .   (no gloves)
MR       .....                  G - +2 pair of boots
Stlth    ..........             (no amulet)
Regen    0.2/turn               y - +3 ring of intelligence
MPRegen  0.2/turn               (no ring)

@: agile
A: cold resistance 1, frail 1, negative energy resistance 1, electricity
resistance, unbreathing, petrification resistance, rot immunity, sturdy frame 1,
AC +5
a: no special abilities


You were on level 8 of the Dungeon.
You were not hungry.

You visited 1 branch of the dungeon, and saw 8 of its levels.

You collected 355 gold pieces.

Inventory:

Hand Weapons
 a - a +2 flail (weapon)
 m - a +0 mace
 n - a +0 hunting sling
Missiles
 o - 88 sling bullets
Armour
 b - a +0 scale mail
 c - a +0 shield (worn)
 e - a +0 plate armour (worn)
 r - a +2 robe of magic resistance
 G - a +2 pair of boots (worn)
Jewellery
 y - a +3 ring of intelligence (left hand)
Scrolls
 d - a scroll of remove curse
 g - a scroll of noise {unknown}
 i - 3 scrolls of identify
 k - 2 scrolls of random uselessness
 p - a scroll of recharging {unknown}
 v - a scroll of magic mapping
 x - a scroll of fog {unknown}
 B - a scroll of fear {unknown}
 C - a scroll of amnesia {unknown}
Potions
 q - a potion of mutation
 s - a potion of invisibility {unknown}
 w - a potion of ambrosia {unknown}
 z - a potion of flight {unknown}
 F - a potion of brilliance {unknown}
Comestibles
 f - 7 bread rations
 j - 4 fruits
 u - 2 royal jellies


   Skills:
 - Level 3.5 Fighting
 * Level 8.3 Maces & Flails
 + Level 7.1 Armour
 - Level 3.5 Shields


You had 7 spell levels left.
You didn't know any spells.

Dungeon Overview and Level Annotations

Branches:
Dungeon (8/15)
 Temple: D:4-7         Lair: D:8-11

Altars:
Vehumet

Annotations:
D:4 exclusion: statue


Innate Abilities, Weirdness & Mutations

You are resistant to torment.
Your stone body is resilient. (AC +5)
You are immune to poison.
You resist negative energy. (rN+)
You are resistant to electric shocks. (rElec)
You can survive without breathing.
You are immune to petrification.
You are immune to rotting.
Your flesh is cold resistant. (rC+)
You are frail. (-10% HP)
Your movements are slightly less encumbered by armour. (ER -2)


Message History

The orc warrior hits you with a battleaxe.
You closely miss the orc warrior.
The orc warrior is moderately wounded.
You block the orc warrior's attack.
You closely miss the orc warrior.
The orc warrior is moderately wounded.
The orc warrior hits you with a battleaxe!
* * * LOW HITPOINT WARNING * * *
Your shield and plate armour prevent you from hitting the orc warrior.
The orc warrior is moderately wounded.
Your shield and plate armour prevent you from hitting the orc warrior.
The orc warrior is moderately wounded.
The orc warrior hits you with a battleaxe!
* * * LOW HITPOINT WARNING * * *
You feel agile all of a sudden. You block the orc warrior's attack.
You sock the orc warrior!
The orc warrior is severely wounded.
The orc warrior hits you with a battleaxe!
You die...

#.#
#.#
#.#
#.#
#.#
#.#
#.#
#o#
#@#
###


You could see an orc warrior.

Vanquished Creatures
  A gargoyle (D:4)
  A hungry ghost (D:7)
  An orc warrior (D:7)
  A centaur (D:7)
  2 bullfrogs (D:6)
  A scorpion (D:4)
  2 orc wizards
  An orc priest (D:6)
  An iguana (D:7)
  Terence (D:2)
  6 worker ants
  A hound skeleton (D:3)
  9 adders
  3 adder skeletons
  4 worms
  4 dart slugs
  4 leopard geckos
  15 orcs
  7 giant cockroaches
  7 goblins
  6 hobgoblins
  8 jackals
  3 quokkas
  7 bats
  6 frilled lizards
  7 kobolds
  A quokka zombie (D:5)
  7 rats
117 creatures vanquished.

Notes
Turn   | Place    | Note
-------+----------+-------------------------------------------
     0 | D:1      | NoNouf the Gargoyle Fighter began the quest for the Orb.
     0 | D:1      | Reached XP level 1. HP: 14/14 MP: 1/1
   160 | D:1      | Reached XP level 2. HP: 19/19 MP: 2/2
   525 | D:1      | Reached XP level 3. HP: 23/23 MP: 3/3
  1003 | D:2      | Noticed Terence
  1014 | D:2      | Killed Terence
  1014 | D:2      | Reached skill level 3 in Maces & Flails
  1014 | D:2      | Reached XP level 4. HP: 26/28 MP: 4/4
  1552 | D:2      | Reached XP level 5. HP: 27/32 MP: 5/5
  1679 | D:2      | Reached skill level 4 in Maces & Flails
  2418 | D:3      | Reached XP level 6. HP: 33/37 MP: 6/6
  2464 | D:4      | Found a radiant altar of Vehumet.
  2587 | D:4      | Reached skill level 5 in Maces & Flails
  2717 | D:4      | Reached skill level 5 in Armour
  3453 | D:5      | Entered Level 5 of the Dungeon
  3453 | D:5      | Noticed a gargoyle
  3473 | D:4      | Killed a gargoyle
  3473 | D:4      | Reached skill level 6 in Maces & Flails
  3473 | D:4      | Reached XP level 7. HP: 21/41 MP: 7/7
  4332 | D:6      | Upgraded the game from 0.20.0-4-g10b340a to 0.20.0-6-gd3061e9
  4353 | D:6      | Reached skill level 7 in Maces & Flails
  4404 | D:6      | Reached XP level 8. HP: 44/46 MP: 8/8
  4617 | D:7      | Gained mutation: Your flesh is cold resistant. (rC+) [potion of mutation]
  4617 | D:7      | Gained mutation: You are frail. (-10% HP) [potion of mutation]
  4617 | D:7      | Gained mutation: Your movements are slightly less encumbered by armour. (ER -2) [potion of mutation]
  4670 | D:7      | HP: 2/41 [orc warrior/battleaxe (4)]
  4671 | D:7      | Reached skill level 8 in Maces & Flails
  5093 | D:8      | HP: 2/41 [orc warrior/battleaxe (9)]
  5095 | D:8      | Mangled by an orc warrior

Skill      XL: |  1  2  3  4  5  6  7  8 |
---------------+-------------------------+-----
Maces & Flails | 3 4 6 7 8 |  8.3
Armour         | 4 6 7 |  7.1
Fighting       | |  3.5
Shields        | |  3.5

Action                   |  1- 3 |  4- 6 |  7- 9 || total
-------------------------+-------+-------+-------++-------
Melee: Flail             |    92 |    29 |   167 ||   288
       Mace              |    32 |   299 |       ||   331
  Use: Scroll            |     1 |     2 |     6 ||     9
       Potion            |     1 |     2 |     7 ||    10
  Eat: Chunk             |       |     9 |     3 ||    12
       Fruit             |       |       |     4 ||     4
       Meat ration       |       |       |     3 ||     3
       Royal jelly       |       |       |     1 ||     1
Armor: Scale mail        |    17 |       |       ||    17
       Plate armour      |    60 |   200 |   123 ||   383
Dodge: Dodged            |    22 |    30 |    50 ||   102
Block: Shield            |    68 |   155 |   100 ||   323
